 Dungeon Crawl Stone Soup version 0.29.1-12-g30fa7ad0bf (webtiles) character file.

Game seed: 15304616610551097426

10988 ChadusMaximus the Blocker (level 11, -3/99 HPs)
             Began as a Minotaur Fighter on Dec 17, 2022.
             Was a High Priest of Okawaru.
             Killed from afar by an electric eel (5 damage)
             ... with a bolt of electricity
             ... on level 10 of the Dungeon.
             The game lasted 00:12:35 (12090 turns).

ChadusMaximus the Blocker (Minotaur Fighter)       Turns: 12090, Time: 00:12:36

Health: -3/99      AC: 24    Str: 38    XL:     11   Next: 43%
Magic:  13/14      EV: 10    Int:  5    God:    Okawaru [*****.]
Gold:   850        SH: 12    Dex:  9    Spells: 10/10 levels left

rFire   . . .      SeeInvis .   a - +0 war axe
rCold   . . .      Faith    .   c - +0 buckler
rNeg    . . .      Spirit   .   C - +0 plate armour
rPois   .          Reflect  +   (helmet restricted)
rElec   .          Harm     .   z - +0 cloak
rCorr   .          Rampage  .   o - +1 pair of gloves
Will    .....                   n - +2 pair of boots
Stlth   ..........              G - amulet of reflection
HPRegen 0.26/turn               L - +6 ring of strength
MPRegen 0.14/turn               b - +6 ring of strength

@: heroic, very slow
A: horns 2, retaliatory headbutt
a: Renounce Religion, Heroism, Finesse, Duel


You were on level 10 of the Dungeon.
You worshipped Okawaru.
Okawaru was extremely pleased with you.
You visited 2 branches of the dungeon, and saw 11 of its levels.
You also visited: Bailey.

You collected 850 gold pieces.

Inventory:

Hand Weapons
 a - a +0 war axe (weapon)
 v - the +10 falchion "Rinodos" {speed, rElec Str+2}
   (You took it off a gnoll bouda in a bailey)

   Attacks with this weapon are significantly faster.
   Str:       It affects your strength (+2).
   rElec:     It insulates you from electricity.
 F - the +6 mace of Rilluhug {pain, Int+3}
   (You took it off an orc on level 5 of the Dungeon)

   In the hands of one skilled in necromantic magic, it inflicts extra damage on
   living creatures.
   Int:       It affects your intelligence (+3).
Missiles
 j - a datura-tipped dart
 w - 4 throwing nets (quivered)
 B - 16 boomerangs
 M - 3 atropa-tipped darts
 N - 4 curare-tipped darts
Armour
 c - a +0 buckler (worn)
 n - a +2 pair of boots (worn)
 o - a +1 pair of gloves (worn)
 z - a +0 cloak (worn)
 C - a +0 plate armour (worn)
Jewellery
 b - a +6 ring of strength (right hand)
 f - a ring of willpower
 k - an amulet of the acrobat
 G - an amulet of reflection (around neck)
 L - a +6 ring of strength (left hand)
Wands
 d - a wand of flame (22)
 O - a wand of iceblast (8)
 P - a wand of mindburst (19)
Scrolls
 g - 2 scrolls of enchant armour
 h - 8 scrolls of teleportation
 m - 2 scrolls of torment
 p - 2 scrolls of vulnerability
 q - 3 scrolls of magic mapping
 r - a scroll of fear
 s - a scroll of immolation
 t - 2 scrolls of fog
 y - a scroll of amnesia
 D - a scroll of brand weapon
 E - a scroll of identify
 H - a scroll of silence
 J - a scroll of poison {unknown}
Potions
 e - 2 potions of brilliance
 i - a potion of ambrosia {unknown}
 l - a potion of magic {unknown}
 u - 4 potions of curing
 x - a potion of flight {unknown}
 A - 2 potions of heal wounds {unknown}
 I - a potion of haste
 K - a potion of degeneration {unknown}
 Q - 2 potions of lignification {unknown}
 R - a potion of resistance {unknown}


   Skills:
 + Level 10.0(15.0) Fighting
 + Level 9.6(14.6) Axes
 * Level 7.0(12.0) Throwing
 + Level 10.0(15.0) Armour
 + Level 10.1(15.1) Shields
 - Level 6.2 Invocations


You had 10 spell levels left.
You didn't know any spells.
Your spell library contained the following spells:

 Spells                   Type           Power      Damage    Failure   Level
 Necrotise                Necr           0%         1d4       94%         1
 Ensorcelled Hibernation  Hex/Ice        0%         N/A       98%         2
 Passwall                 Tmut/Erth      0%         N/A       98%         2
 Swiftness                Air            0%         N/A       100%        3
 Lehudib's Crystal Spear  Conj/Erth      0%         10d2      100%        8
 Fire Storm               Conj/Fire      0%         5d1       100%        9


Dungeon Overview and Level Annotations

Branches:
Dungeon (10/15)            Temple (1/1) D:4            Lair (0/5) D:9
 Bailey (visited)
    Orc: D:9-12

Altars:
Ashenzari
Cheibriados
Dithmenos
Elyvilon
Gozag
Hepliaklqana
Kikubaaqudgha
Nemelex Xobeh
Okawaru
Qazlal
Ru
Sif Muna
Wu Jian
Xom
Zin
The Shining One

Shops:
D:3 [

Annotations:
D:9 3 runed translucent doors


Innate Abilities, Weirdness & Mutations

You have a pair of horns on your head.
You reflexively headbutt those who attack you in melee.


Message History

The electric eel shoots out a bolt of lightning at you!
The bolt of electricity hits you but does no damage.
Your unstable footing causes you to fumble your attack.
You barely miss the electric eel. Your headbutt misses the electric eel.
The electric eel is heavily wounded.
You closely miss the electric eel. You completely miss the electric eel.
The electric eel is heavily wounded.
You barely miss the electric eel.
The electric eel shoots out a bolt of lightning at you!
The bolt of electricity hits you!
Your unstable footing causes you to fumble your attack.
The electric eel shoots out a bolt of lightning at you!
The bolt of electricity hits you!
* * * LOW HITPOINT WARNING * * *
The electric eel shoots out a bolt of lightning at you!
The bolt of electricity hits you!
* * * LOW HITPOINT WARNING * * *
You slice the electric eel!!
You kill the electric eel!
Okawaru accepts your kill.
You slash the electric eel!
The electric eel shoots out a bolt of lightning at you!
The bolt of electricity hits you.
* * * LOW HITPOINT WARNING * * *
Unknown command.
You miss the electric eel. Your headbutt misses the electric eel.
The electric eel is almost dead.
The electric eel shoots out a bolt of lightning at you!
The bolt of electricity hits you!
* * * LOW HITPOINT WARNING * * *
Your unstable footing causes you to fumble your attack.
Your unstable footing causes you to fumble your attack.
The electric eel shoots out a bolt of lightning at you!
The bolt of electricity hits you.
* * * LOW HITPOINT WARNING * * *
Your unstable footing causes you to fumble your attack.
The electric eel shoots out a bolt of lightning at you!
The bolt of electricity hits you.
You die...

~~~~*~*~**~*~♣♣*******###########
**~~~~~*~~P~~~~♣♣,....#..........
~*~~*~~~~~~~~~~P♣♣~,..+..........
~~~~~~~~≈≈≈≈P~~P~~♣♣..#..........
~~~~~~~~≈≈≈~~~~~♣P~~~.#...##'####
~~~~~~~~≈≈≈~≈~~~~~~P♣~#...#......
~~~~~~~~≈≈≈≈≈~~~P~P~♣♣#...#......
~~~~~~~~≈≈≈≈≈~~S♣~~~~†....#....>.
~~~~~~~~~~~~~♣~~@~~~~)....#......
~~*~~~~~≈≈≈≈~~P~~~~♣)#....#......
~~~~~~~~~~P~~♣~~~♣...#...~~♣♣....
~~~~~~~~~~~~~P♣~~....#..~♣~.P....
~♣~~♣~~*~♣♣♣♣♣~.#....#...~~♣♣....
..~~~~~*~♣♣.....#....#...........
.....#***#......#>...#....#....#.
....#* #......#....#....#....#.
....# ##......#.$..#....#....##


You could see an electric eel.

Vanquished Creatures
  Erica (D:8)
  3 two-headed ogres
  2 komodo dragons (D:9)
  The ghost of MacCMillion the Shield-Bearer, an amateur TrFi (D:5)
  A troll (D:9)
  2 hornets (D:7)
  3 yaks (D:8)
  6 wyverns
  3 steam dragons
  Eustachio (D:5)
  2 vampire mosquitoes (D:8)
  Menkaure (D:4)
  2 water moccasins
  A sky beast (D:7)
  6 orc warriors
  2 black bears (D:5)
  An ogre (D:6)
  6 wolves (Bailey)
  3 centaurs
  3 kobold brigands
  3 bullfrogs
  9 gnoll sergeants (Bailey)
  3 scorpions
  4 killer bees (D:9)
  3 howler monkeys
  2 electric eels (D:10)
  10 orc priests
  5 hounds
  Crazy Yiuf (D:4)
  7 gnoll boudas (Bailey)
  4 jellies
  13 orc wizards
  Ijyb (D:4)
  6 iguanas
  11 adders
  22 gnolls
  A shadow imp (D:5)
  A white imp (D:5)
  An ufetubus (D:4)
  2 dart slugs
  57 orcs
  7 endoplasms
  4 giant cockroaches
  11 goblins
  9 hobgoblins
  16 jackals
  2 quokkas (D:3)
  10 ball pythons
  2 bats
  A frilled lizard (D:1)
  18 kobolds
  3 rats
299 creatures vanquished.

Vanquished Creatures (others)
  A swamp drake (D:9)
  2 orcs (D:8)
  2 fungi (D:1)
  9 plants
14 creatures vanquished.

Grand Total: 313 creatures vanquished

Notes
Turn   | Place    | Note
-------+----------+-------------------------------------------
     0 | D:1      | ChadusMaximus the Minotaur Fighter began the quest for the
                  | Orb.
     0 | D:1      | Reached XP level 1. HP: 19/19 MP: 0/0
   158 | D:1      | Reached XP level 2. HP: 24/27 MP: 1/1
   424 | D:1      | Found a faded altar of an unknown god.
   440 | D:1      | Got Plato's Almanac of Iniquitous Mysteries
   455 | D:1      | Reached XP level 3. HP: 33/33 MP: 2/2
  1241 | D:2      | Reached XP level 4. HP: 26/41 MP: 3/3
  1973 | D:3      | Found Ellykh's Armour Shop.
  2258 | D:3      | Found a hazy altar of Hepliaklqana.
  2273 | D:3      | Reached XP level 5. HP: 47/47 MP: 4/4
  2997 | D:4      | Noticed Menkaure
  2997 | D:4      | Noticed Ijyb
  3003 | D:4      | Killed Menkaure
  3004 | D:4      | Reached skill level 5 in Fighting
  3004 | D:4      | Reached skill level 5 in Armour
  3004 | D:4      | Reached skill level 5 in Shields
  3004 | D:4      | Reached XP level 6. HP: 31/56 MP: 2/5
  3004 | D:4      | Killed Ijyb
  3151 | D:4      | Found a staircase to the Ecumenical Temple.
  3502 | D:4      | Found an ancient bone altar of Kikubaaqudgha.
  3644 | Temple   | Entered the Ecumenical Temple
  3727 | Temple   | Became a worshipper of Warmaster Okawaru
  3836 | D:4      | Found a shimmering altar of Xom.
  3921 | D:4      | Found a runed translucent door.
  3922 | D:4      | Noticed Crazy Yiuf
  4204 | D:4      | Killed Crazy Yiuf
  4205 | D:4      | Reached skill level 5 in Axes
  4205 | D:4      | Reached XP level 7. HP: 20/59 MP: 1/6
  4463 | D:5      | Entered Level 5 of the Dungeon
  4644 | D:5      | Reached * piety under Okawaru
  4645 | D:5      | Reached skill level 1 in Invocations
  4696 | D:5      | Found a runed translucent gate.
  4699 | D:5      | Found a runed translucent gate.
  4699 | D:5      | Noticed MacCMillion's ghost (amateur TrFi)
  4700 | D:5      | Found a runed translucent gate.
  4701 | D:5      | Identified the +6 mace of Rilluhug {pain, Int+3}
  4701 | D:5      | Identified the +2 ring mail "Runalism" {rN+ Str+3 Int+4
                  | Dex+4}
  5058 | D:5      | Noticed Eustachio
  5070 | D:5      | Killed Eustachio
  5071 | D:5      | Reached XP level 8. HP: 64/71 MP: 4/8
  5249 | D:5      | Identified the +1 leather armour of an ossuary {rCorr}
  5837 | D:5      | Killed MacCMillion's ghost
  5837 | D:5      | Reached ** piety under Okawaru
  6185 | D:6      | Reached XP level 9. HP: 74/79 MP: 11/11
  6310 | D:6      | Found a white marble altar of Elyvilon.
  6414 | D:6      | Reached skill level 5 in Invocations
  6425 | D:6      | Reached *** piety under Okawaru
  6645 | D:6      | Found a sacrificial altar of Ru.
  6937 | D:7      | Found a broken altar of Ashenzari.
  7308 | D:7      | Paralysed by a hornet for 2 turns
  7848 | D:7      | Reached skill level 1 in Throwing
  8091 | D:8      | Got the Textbook on Combat Magic
  8115 | D:8      | Reached **** piety under Okawaru
  8246 | D:8      | Reached XP level 10. HP: 90/90 MP: 13/13
  8293 | D:8      | Found a snail-covered altar of Cheibriados.
  8293 | D:8      | Found an opulent altar of Gozag.
  8299 | D:8      | Noticed Erica
  8319 | D:8      | Killed Erica
  9358 | D:9      | Noticed a two-headed ogre
  9364 | D:9      | Killed a two-headed ogre
  9365 | D:9      | Reached skill level 5 in Throwing
  9559 | D:9      | Reached ***** piety under Okawaru
 10326 | D:9      | Found a staircase to the Lair.
 10476 | D:9      | Reached XP level 11. HP: 76/97 MP: 11/14
 10569 | D:9      | Found a runed translucent gate.
 10570 | D:9      | Found a runed translucent gate.
 10570 | D:9      | Found a runed translucent gate.
 10571 | D:9      | Noticed a red ugly thing
 10571 | D:9      | Noticed a glowing orange brain
 10571 | D:9      | Noticed a brown ugly thing
 10572 | D:9      | Noticed a brown ugly thing
 10572 | D:9      | Noticed a green ugly thing
 10573 | D:9      | Noticed a glowing shapeshifter
 10573 | D:9      | a floating eye changed into a glowing shapeshifter
 10574 | D:9      | Noticed a death drake
 10574 | D:9      | a glowing shapeshifter changed into a death drake
 10579 | D:9      | a death drake changed into a yaktaur
 10614 | D:9      | Noticed a fire crab
 10614 | D:9      | a basilisk changed into a fire crab
 10615 | D:9      | a fire crab changed into a yak
 10785 | D:9      | Received a gift from Okawaru
 10934 | D:9      | Noticed a harpy
 10934 | D:9      | a tarantella changed into a harpy
 10936 | D:9      | a harpy changed into a rime drake
 10956 | D:10     | Entered Level 10 of the Dungeon
 10960 | D:10     | Noticed a two-headed ogre
 10964 | D:10     | Killed a two-headed ogre
 10993 | D:10     | Found a stormy altar of Qazlal.
 11024 | D:10     | Noticed a two-headed ogre
 11039 | D:10     | Found a flagged portal.
 11048 | Bailey   | Entered a bailey
 11237 | Bailey   | Identified the +10 falchion "Rinodos" {speed, rElec Str+2}
 11993 | D:10     | Killed a two-headed ogre
 11994 | D:10     | Reached skill level 10 in Fighting
 11994 | D:10     | Reached skill level 10 in Armour
 11994 | D:10     | Reached skill level 10 in Shields
 12087 | D:10     | HP: 3/99 [electric eel/bolt of electricity (12)]
 12090 | D:10     | Killed from afar by an electric eel

Illustrated notes

Levels and vault maps discovered:
D:1:      sevenhm_arrival_forest_fort_small_5, layout_loops_ring,
          shapermc_ecumenical_altar_rom_forum, minmay_misc_feat_iff,
          corexii_corridor_pit
D:2:      layout_basic
D:3:      layout_basic, mainiacjoe_overflow_cross_hatched, serial_shops, shop
D:4:      layout_rooms, old_standard_altar, mainiacjoe_overflow_alcove_2,
          minmay_temple_entry_statues, uniq_crazy_yiuf_cottage, uniq_ijyb,
          uniq_menkaure
D:5:      black_bear_nest_2, layout_basic, biasface_ghost_orc_armoury,
          uniq_eustachio
D:6:      layout_rooms, hangedman_ru_absence, mainiacjoe_overflow_alcove_4,
          grunt_ministairs_3
D:7:      layout_loops_ring, cheibrodos_ashenzari_chains, grunt_ministairs_6
D:8:      layout_loops_ring, nicolae_overflow_two_pavilions, uniq_erica
D:9:      layout_gridville, erik_lair_dragon,
          ploomutoo_gammafunk_ghost_potion_laboratory
D:10:     minmay_the_grid_plus_closed [minmay_the_grid_minigrid_small,
          minmay_the_grid_minigrid_small_alt, minmay_the_grid_slots,
          minmay_the_grid_plusring, minmay_the_grid_prize_trominoes],
          layout_gridville, amcnicky_altar_gilded, lemuel_crystal_altar,
          lemuel_tele_altar, mainiacjoe_overflow_surrounded_room,
          enter_bailey_2, serial_bayou, serial_bayou_pond_e,
          serial_bayou_shore_b, serial_bayou_lake_a, serial_bayou_pond_e
Temple:   hellmonk_temple_beads

Skill      XL: |  1  2  3  4  5  6  7  8  9 10 11 |
---------------+----------------------------------+-----
Armour         | 4 5 6 7 8 9 10 | 10.0
Shields        | 4 5 6 7 8 9 10 | 10.1
Fighting       | 4 5 6 7 8 9 10 | 10.0
Axes           | 3 4 5 6 7 9 |  9.6
Invocations    | 2 4 6 |  6.2
Throwing       | 2 5 7 |  7.0

Action                   |  1- 3 |  4- 6 |  7- 9 | 10-12 || total
-------------------------+-------+-------+-------+-------++-------
Melee: War axe           |    73 |   157 |   264 |   249 ||   743
       Headbutt          |     5 |    24 |    48 |    72 ||   149
       Mace              |       |       |    16 |       ||    16
       Falchion          |       |       |       |    54 ||    54
Invok: Heroism           |       |       |     5 |    14 ||    19
  Use: Potion            |       |     2 |       |       ||     2
       Scroll            |       |     3 |     6 |     4 ||    13
Armor: Scale mail        |    32 |    89 |    58 |       ||   179
       Plate armour      |       |       |   135 |   166 ||   301
Dodge: Dodged            |    57 |    95 |   105 |   118 ||   375
Block: Buckler           |    16 |    31 |   110 |   224 ||   381
       Reflection        |       |       |     3 |     9 ||    12
